 Dungeon Crawl Stone Soup version 0.19.0-24-gb05acd6 (webtiles) character file.

21263 joejoepie the Unseen (level 12, -2/63 HPs)
             Began as a Spriggan Assassin on Nov 21, 2016.
             Was the Champion of Zin.
             Slain by Rupert
             ... wielding a +0 triple sword of draining
              (5 damage)
             ... on level 4 of the Lair of Beasts on Nov 22, 2016.
             The game lasted 02:00:00 (22406 turns).

joejoepie the Unseen (Spriggan Assassin)           Turns: 22406, Time: 02:00:00

Health: -2/63      AC:  8    Str: 11    XL:     12   Next: 52%
Magic:  13/13      EV: 27    Int: 13    God:    Zin [******]
Gold:   747        SH:  0    Dex: 18    Spells: 0 memorised, 11 levels left

rFire  + . .     SeeInvis +     a - +8 dagger of the Forgotten Wonders {venom, rPois}
rCold  + . .     Gourm    .     I - +2 steam dragon scales
rNeg   . . .     Faith    .     (shield restricted)
rPois  +         Spirit   .     (helmet restricted)
rElec  .         Reflect  .     d - +0 cloak
rCorr  .         Harm     .     (gloves unavailable)
MR     ++...                    (boots unavailable)
Stlth  ++++++....               (no amulet)
                                J - ring of protection from cold
                                B - ring of protection from fire

@: heavily drained, very quick
A: unfitting armour, see invisible, herbivore 3, speed 3, slow metabolism 2
a: Recite, Vitalisation, Imprison, Sanctuary, Donate Gold, Cure All Mutations,
Renounce Religion


You were on level 4 of the Lair of Beasts.
You worshipped Zin.
Zin was exalted by your worship.
You were full.

You visited 4 branches of the dungeon, and saw 15 of its levels.

You collected 830 gold pieces.
You donated 83 gold pieces to Zin.

Inventory:

Hand Weapons
 a - the +8 dagger of the Forgotten Wonders (weapon) {venom, rPois}
   (You found it on level 2 of the Lair of Beasts)

   It poisons the flesh of those it strikes.
   It protects you from poison.
 b - a +1 blowgun
 k - a +0 hunting sling
 t - a +0 falchion
 z - a +2 dagger
 O - a +1 demon trident
 R - a +5 short sword of venom
 V - a +0 fustibalus
Missiles
 e - 50 poisoned needles
 f - 2 curare-tipped needles
 j - 410 stones
 o - 11 tomahawks (quivered)
 K - 40 sling bullets
Armour
 c - a +0 robe
 d - a +0 cloak (worn)
 I - +2 steam dragon scales (worn)
 Q - a +2 scale mail of fire resistance
Jewellery
 n - an uncursed ring of wizardry {unknown}
 B - a ring of protection from fire (left hand)
 J - a ring of protection from cold (right hand)
 L - an uncursed ring of poison resistance {unknown}
 M - a +3 ring of evasion {unknown}
Wands
 i - a wand of confusion (33/48)
 m - a wand of confusion (11/48)
 p - a wand of lightning (13/15)
 v - a wand of paralysis (8/24)
 w - a wand of flame (44/48)
Scrolls
 q - 2 scrolls of immolation
 x - 2 scrolls of remove curse
 A - 2 scrolls of teleportation {unknown}
 E - 3 scrolls of summoning
 H - 2 scrolls of recharging
 N - 2 scrolls of identify
 P - a scroll of fear
 S - 2 scrolls of blinking {unknown}
 T - a scroll of acquirement {unknown}
Potions
 l - 3 potions of flight
 C - 2 potions of mutation {unknown}
 D - a potion of curing
 G - 2 potions of agility
 U - a potion of heal wounds
 W - a potion of invisibility
Books
 F - a book of Necromancy

   Spells                             Type                      Level
   a - Pain                           Necromancy                   1
   b - Animate Skeleton               Necromancy                   1
   c - Vampiric Draining              Necromancy                   3
   d - Regeneration                   Charms/Necromancy            3
   e - Animate Dead                   Necromancy                   4
   f - Control Undead                 Necromancy                   4
   Zin disapproves of the use of such an item.
Comestibles
 g - 6 bread rations
 h - 2 royal jellies
 s - 14 fruits
 u - 2 slices of pizza


   Skills:
 + Level 7.2(5.8) Fighting
 + Level 10.9(9.3) Short Blades
 + Level 9.3(7.8) Throwing
 + Level 11.9(10.3) Dodging
 + Level 17.2(15.4) Stealth
 + Level 0.6(0.0) Invocations


You had 11 spell levels left.
You didn't know any spells.

Dungeon Overview and Level Annotations

Branches:
Dungeon (9/15)             Temple (0/1) D:7            Lair (4/6) D:9
  Swamp (1/4) Lair:3       Spider (1/4) Lair:3
    Orc: D:9-12

Altars:
Ashenzari
Cheibriados
Dithmenos
Elyvilon
Ru
Sif Muna
Vehumet
Zin
The Shining One

Annotations:
Lair:4 Harold, Rupert


Innate Abilities, Weirdness & Mutations

You are very small and have problems with some larger weapons.
You are too small for most types of armour.
You have supernaturally acute eyesight. (SInv)
You are a herbivore.
You cover ground extremely quickly.
You need consume almost no food.


Message History

You feel less confused. Rupert roars wildly at you.
You suddenly lose the ability to move!
Rupert hits you with a triple sword of draining.
You feel drained. Rupert roars wildly at you.
You shrug off the repeated paralysis!
Rupert roars madly and goes into a rage!
Rupert goes berserk!
Rupert hits you with a triple sword of draining!!
You feel drained.
You can move again.
Rupert looks more healthy.
Rupert rages.
As you read the scroll of fog, it crumbles to dust.
The scroll dissolves into smoke.
Rupert hits you with a triple sword of draining!!
* * * LOW HITPOINT WARNING * * *
You feel drained.
You die...

##### ###### ###
#.#.###..#P######.#
#..................
##..................
#P§§§...............
##§§§...............
#§@@...............
#§§§§..............
#§.§...............
#..................
####...##....##...#
################


You could see Rupert (berserk).

Vanquished Creatures
  4 hydras
  Urug (Lair:2)
  5 elephants (Lair:3)
  A black mamba (Lair:3)
  5 spiny frogs
  A rime drake (Lair:2)
  2 komodo dragons
  A jumping spider (Spider:1)
  A tyrant leech (Lair:3)
  5 blink frogs
  8 dream sheep
  2 hippogriffs
  2 wyverns
  17 yaks
  Eustachio (D:4)
  A steam dragon (D:8)
  A swamp worm (Lair:3)
  3 water moccasins
  6 porcupines
  2 orc warriors
  An ice beast (D:5)
  A black bear (D:5)
  2 necrophages
  2 sky beasts
  10 ogres
  3 phantoms
  13 wolves
  4 centaurs
  4 crocodiles
  A big kobold (D:5)
  8 bullfrogs
  A gnoll sergeant (D:6)
  8 wights
  9 killer bees
  A crimson imp (D:8)
  3 bullfrog zombies
  A jelly (D:8)
  12 hounds
  6 orc priests
  2 centaur skeletons
  3 gnoll shamans (D:6)
  A bullfrog skeleton (D:7)
  3 iguanas
  10 orc wizards
  4 worker ants
  A killer bee zombie (D:5)
  A hound zombie (D:7)
  The ghost of dscm the Digger, a weakling OpEE of Elyvilon (D:4)
  A howler monkey skeleton (D:9)
  11 gnolls (D:6)
  12 adders
  A shadow imp (D:6)
  An ooze (D:3)
  4 worms
  5 dart slugs
  9 leopard geckos
  28 orcs
  9 bats
  5 giant cockroaches
  9 goblins
  14 hobgoblins
  22 jackals
  21 kobolds
  2 quokkas
  3 frilled lizards
  A giant cockroach zombie (D:5)
  A quokka zombie (D:8)
  6 rats
350 creatures vanquished.

Vanquished Creatures (others)
  A quokka (D:6)
  2 fungi
3 creatures vanquished.

Grand Total: 353 creatures vanquished

Notes
Turn   | Place    | Note
-------+----------+-------------------------------------------
     0 | D:1      | joejoepie the Spriggan Assassin began the quest for the Orb.
     0 | D:1      | Reached XP level 1. HP: 10/10 MP: 2/2
    40 | D:1      | Reached skill level 6 in Stealth
   496 | D:1      | Reached XP level 2. HP: 9/15 MP: 3/3
  1337 | D:2      | Found a faded altar of an unknown god.
  1365 | D:2      | Became a worshipper of Zin the Law-Giver
  1365 | D:2      | Reached * piety under Zin
  1389 | D:2      | Reached XP level 3. HP: 16/18 MP: 4/4
  1501 | D:2      | Reached skill level 7 in Stealth
  1740 | D:2      | Found a sacrificial altar of Ru.
  2186 | D:2      | Reached XP level 4. HP: 23/23 MP: 5/5
  3229 | D:3      | Reached XP level 5. HP: 17/26 MP: 6/6
  3624 | D:3      | Reached skill level 8 in Stealth
  4377 | D:4      | Noticed dscm's ghost (weakling OpEE)
  4474 | D:4      | Noticed an ogre
  4474 | D:4      | Noticed an ogre
  4475 | D:4      | Reached XP level 6. HP: 31/31 MP: 7/7
  5577 | D:4      | Reached XP level 7. HP: 25/35 MP: 8/8
  5647 | D:4      | Killed dscm's ghost
  6166 | D:4      | Noticed Eustachio
  6173 | D:4      | Killed Eustachio
  6173 | D:4      | Reached skill level 9 in Stealth
  6288 | D:4      | Reached skill level 5 in Throwing
  6594 | D:5      | Entered Level 5 of the Dungeon
  6719 | D:5      | Reached skill level 5 in Dodging
  6719 | D:5      | Reached XP level 8. HP: 40/40 MP: 9/9
  6828 | D:5      | Found a snail-covered altar of Cheibriados.
  6897 | D:5      | Reached ** piety under Zin
  6897 | D:5      | Reached skill level 10 in Stealth
  7335 | D:6      | Found a radiant altar of Vehumet.
  7515 | D:5      | Reached skill level 5 in Short Blades
  7884 | D:5      | Reached skill level 11 in Stealth
  8283 | D:5      | Reached *** piety under Zin
  8547 | D:5      | Reached XP level 9. HP: 45/45 MP: 10/10
  9646 | D:6      | Found a white marble altar of Elyvilon.
 10588 | D:6      | Found a faded altar of an unknown god.
 10588 | D:6      | Found a faded altar of an unknown god.
 10593 | D:6      | Found a faded altar of an unknown god.
 10602 | D:6      | Found a deep blue altar of Sif Muna.
 10603 | D:6      | Found a faded altar of an unknown god.
 11020 | D:6      | Reached skill level 12 in Stealth
 11564 | D:6      | Reached **** piety under Zin
 11812 | D:6      | Reached ***** piety under Zin
 12205 | D:7      | Found a staircase to the Ecumenical Temple.
 13185 | D:7      | Reached XP level 10. HP: 49/51 MP: 11/11
 14282 | D:8      | Reached skill level 13 in Stealth
 14371 | D:8      | Reached skill level 5 in Fighting
 14439 | D:8      | Found a glowing golden altar of the Shining One.
 14496 | D:8      | Found a glowing silver altar of Zin.
 14513 | D:8      | Found a shattered altar of Ashenzari.
 14658 | D:8      | Found a shadowy altar of Dithmenos.
 14824 | D:9      | Found a staircase to the Lair.
 15431 | Lair:1   | Entered Level 1 of the Lair of Beasts
 16357 | Lair:2   | Noticed Urug
 16364 | Lair:2   | Killed Urug
 16364 | Lair:2   | Reached skill level 14 in Stealth
 16640 | Lair:2   | Noticed a five-headed hydra
 16647 | Lair:2   | Killed a five-headed hydra
 16647 | Lair:2   | Reached XP level 11. HP: 56/56 MP: 12/12
 16656 | Lair:2   | Noticed a seven-headed hydra
 16663 | Lair:2   | Killed a seven-headed hydra
 16737 | Lair:2   | Noticed a seven-headed hydra
 16764 | Lair:2   | Killed a seven-headed hydra
 16764 | Lair:2   | Reached skill level 15 in Stealth
 17098 | Lair:2   | Reached skill level 10 in Short Blades
 17241 | Lair:2   | Got a bloodstained dagger
 17242 | Lair:2   | Identified the +8 dagger of the Forgotten Wonders {venom, rPois} (You found it on level 2 of the Lair of Beasts)
 17935 | Lair:3   | Reached skill level 16 in Stealth
 18155 | Lair:3   | Reached ****** piety under Zin
 18564 | Lair:3   | Found a hole to the Spider Nest.
 18778 | Spider:1 | Entered Level 1 of the Spider Nest
 18798 | Spider:1 | Reached skill level 10 in Dodging
 18827 | Spider:1 | Noticed a wolf spider
 18827 | Spider:1 | Noticed a wolf spider
 18862 | Lair:3   | Found a staircase to the Swamp.
 19226 | Swamp:1  | Entered Level 1 of the Swamp
 19226 | Swamp:1  | Noticed a six-headed hydra
 19514 | Lair:4   | Noticed Rupert
 20024 | Lair:4   | Noticed Harold
 20048 | Lair:3   | Reached XP level 12. HP: 58/62 MP: 13/13
 21029 | Lair:3   | Reached skill level 17 in Stealth
 21245 | Lair:3   | Noticed a five-headed hydra
 21259 | Lair:3   | Killed a five-headed hydra
 22386 | Lair:4   | Paralysed by Rupert for 6 turns
 22406 | Lair:4   | HP: 3/63 [Rupert/triple sword of draining (24)]
 22406 | Lair:4   | Slain by Rupert

Skill      XL: |  1  2  3  4  5  6  7  8  9 10 11 12 |
---------------+-------------------------------------+-----
Stealth        | 6 7 8 9 11 12 14 16 17 | 17.2
Fighting       | 2 3 4 5 6 7 |  7.2
Dodging        | 2 3 5 7 8 10 11 | 11.9
Short Blades   | 3 4 5 7 9 10 | 10.9
Throwing       | 3 4 5 7 8 9 |  9.3
Invocations    | |  0.6

Action                   |  1- 3 |  4- 6 |  7- 9 | 10-12 || total
-------------------------+-------+-------+-------+-------++-------
Melee: Dagger            |   102 |   205 |   253 |   408 ||   968
       Short sword       |       |       |   230 |   228 ||   458
 Fire: Blowgun           |    32 |    55 |   157 |   133 ||   377
Throw: Tomahawk          |       |       |     6 |       ||     6
       Stone             |       |       |     3 |       ||     3
Invok: Recite            |       |       |     1 |       ||     1
Evoke: Wand              |       |       |       |     2 ||     2
  Use: Scroll            |       |     8 |     9 |     7 ||    24
       Potion            |       |     7 |     4 |     1 ||    12
 Stab: Sleeping          |    11 |    19 |    28 |    29 ||    87
       Distracted        |       |     1 |     5 |     5 ||    11
  Eat: Bread ration      |       |     1 |     1 |     2 ||     4
Armor: Robe              |    15 |    27 |    25 |     1 ||    68
       Steam dragon scal |       |       |       |    43 ||    43
Dodge: Dodged            |    65 |   136 |   334 |   459 ||   994
